Ice Dragons vs Knights
Created - October 18, 2018 at 21:42
Goals
|
| Ice Dragons |
1 |
0 |
2 |
3 |
| Knights |
1 |
2 |
3 |
6 |
|
Shots
|
| Ice Dragons |
11 |
13 |
9 |
33 |
| Knights |
13 |
9 |
18 |
40 |
|
1st period
1. Knights , Pavel Buchnevich 3 (Miro Aaltonen 2) at 5:39 (PP)
2. Ice Dragons , Luke Adam 1 (Jiri Tlusty 3, Brendon Nash 1) at 6:15
Penalties :
Darren Helm (Kin) for Tripping (Minor) at 5:38
2nd period
3. Knights , Linden Vey 1 (Miro Aaltonen 3, Tomas Kundratek 1) at 1:54
4. Knights , Jaccob Slavin 1 (Noel Acciari 2) at 9:09
Penalties :
Cole Ully (Kin) for Roughing (Minor) at 5:14, Logan MacMillan (Kin) for Tripping (Minor) at 10:30, Jacob Trouba (Lon) for Roughing (Minor) at 18:23
3rd period
5. Knights , Pavel Buchnevich 4 (Miro Aaltonen 4) at 4:13 (PP)
6. Ice Dragons , Cole Ully 1 (Samuel Groulx 2, Sam Carrick 1) at 7:27
7. Knights , Collin Miller 1 (Valentin Zykov 1, Jonathan Drouin 1) at 15:04 (PP)
8. Knights , Jaccob Slavin 2 (Noel Acciari 3, Michael Matheson 1) at 15:18
9. Ice Dragons , Darren Helm 1 (Ryan Pulock 3) at 19:50
Penalties :
Logan MacMillan (Kin) for Interference (Minor) at 4:09, Alex Plante (Kin) for Slashing (Minor) at 10:11, Chris Wagner (Kin) for Tripping (Minor) at 14:02, Jacob Trouba (Lon) for Holding Stick (Minor) at 17:11
Goalie Stats
Harru Sateri (Kin), 34 saves from 40 shots - (0.850), L, 0-1-0, 60:00 minutes
Ben Scrivens (Lon), 30 saves from 33 shots - (0.909), W, 2-0-0, 60:00 minutes
Players Stats for Ice Dragons
Player Name G A P +/- PIM S H SB GA TA FO MP PP MP PK MP
------------------------------------------------------------------------------------
Alex Henriksson 0 0 0 0 0 0 0 0 0 0 0/0 0:00 0:00 0:00
Alex Plante 0 0 0 -1 2 3 2 4 0 0 0/0 21:50 1:50 0:00
Brandon Kozun 0 0 0 -2 0 1 0 1 1 0 0/0 10:55 0:00 0:00
Brayden McNabb 0 0 0 -3 0 1 0 0 2 0 0/0 26:05 3:16 4:00
Brendon Nash 0 1 1 -1 0 0 0 0 0 1 0/0 10:50 0:00 1:03
Chris Wagner 0 0 0 1 2 0 0 0 0 0 0/0 8:15 0:00 0:00
Christian Djoos 0 0 0 0 0 0 0 1 0 0 0/0 7:05 0:00 0:38
Cole Ully 1 0 1 1 2 1 0 0 0 0 0/0 8:18 0:00 0:00
Darren Helm 1 0 1 0 2 6 3 0 0 0 17/31 20:25 1:53 2:01
Emil Pettersson 0 0 0 0 0 0 0 0 0 0 0/0 0:00 0:00 0:00
Jiri Tlusty 0 1 1 1 0 1 2 0 0 0 2/2 19:26 2:05 4:06
Justin Shugg 0 0 0 0 0 0 0 0 0 0 0/0 1:06 0:00 1:06
Kevin Connauton 0 0 0 2 0 1 0 0 0 0 0/0 20:58 2:08 3:04
Logan MacMillan 0 0 0 0 4 2 0 0 0 0 2/3 18:10 1:53 0:00
Luke Adam 1 0 1 1 0 5 0 3 0 1 6/10 17:18 2:05 1:55
Michael Chaput 0 0 0 -2 0 2 1 1 0 0 1/1 10:55 0:00 0:00
Michael Ferland 0 0 0 -2 0 3 2 0 0 0 0/0 11:59 0:00 0:54
Ryan Pulock 0 1 1 1 0 0 2 1 0 0 0/0 14:53 0:00 2:19
Sam Carrick 0 1 1 1 0 2 0 1 1 0 0/3 8:16 0:00 0:00
Samuel Groulx 0 1 1 2 0 1 1 1 0 0 0/0 18:28 0:42 3:04
Stefan Ruzicka 0 0 0 0 0 4 1 0 0 0 6/11 22:18 1:53 4:06
Theodor Blueger 0 0 0 0 0 0 0 0 0 0 0/0 0:00 0:00 0:00
Thomas Gobeil 0 0 0 0 0 0 0 0 0 0 0/0 0:00 0:00 0:00
William Carrier 0 0 0 1 0 0 2 0 0 0 1/1 15:20 2:05 0:00
Players Stats for Knights
Player Name G A P +/- PIM S H SB GA TA FO MP PP MP PK MP
------------------------------------------------------------------------------------
Brendan Gaunce 0 0 0 -1 0 3 0 0 0 0 2/3 9:38 0:00 0:00
Brett Connolly 0 0 0 -1 0 0 1 0 0 0 0/0 9:31 0:00 0:00
Collin Miller 1 0 1 -2 0 3 1 0 0 1 0/0 17:24 3:32 1:29
Jaccob Slavin 2 0 2 2 0 8 0 2 0 1 0/0 23:56 3:32 2:29
Jacob Trouba 0 0 0 0 4 3 0 2 0 0 0/0 24:38 3:32 0:00
Jonathan Drouin 0 1 1 0 0 1 1 0 0 0 0/2 13:49 3:14 0:00
Jordan Martinook 0 0 0 0 0 1 2 0 0 0 0/0 12:00 0:00 0:00
Linden Vey 1 0 1 0 0 2 0 0 0 0 2/5 17:51 3:14 2:33
Ludwig Bystrom 0 0 0 -2 0 0 0 1 0 1 0/0 11:11 0:00 0:00
Michael Matheson 0 1 1 2 0 2 2 1 0 0 0/0 16:44 0:00 1:29
Michael Raffl 0 0 0 1 0 4 1 1 2 0 0/0 23:11 3:50 2:33
Miro Aaltonen 0 3 3 0 0 1 5 0 0 0 10/21 15:39 3:38 0:00
Noel Acciari 0 2 2 1 0 4 2 0 0 0 12/28 18:15 0:00 1:25
Pavel Buchnevich 2 0 2 1 0 4 2 0 0 1 0/1 19:58 3:50 0:00
Scott Wilson 0 0 0 -1 0 2 1 0 0 0 1/1 10:04 0:00 0:24
Tom Wilson 0 0 0 0 0 1 0 0 0 0 0/1 12:23 0:12 1:01
Tomas Kundratek 0 1 1 0 0 1 0 2 0 0 0/0 24:22 3:32 2:29
Valentin Zykov 0 1 1 0 0 0 2 2 0 0 0/0 13:48 3:14 0:00
3 Stars
1 - Jaccob Slavin (Lon)
2 - Pavel Buchnevich (Lon)
3 - Miro Aaltonen (Lon)
Power Play
Ice Dragons - 0 on 2 Attempt(s) - 0.00%
Knights - 3 on 6 Attempt(s) - 50.00%
Penalty Kill
Ice Dragons - 3 on 6 Attempt(s) - 50.00%
- Score 0 goal in Penalty Kill
Knights - 2 on 2 Attempt(s) - 100.00%
- Score 0 goal in Penalty Kill
Team Stat
Ice Dragons - Hits : 16 - Faceoff Wins : 35 - Blocked Shots : 13 - Penalty Minutes : 12
Knights - Hits : 20 - Faceoff Wins : 27 - Blocked Shots : 11 - Penalty Minutes : 4
Official
Referees : Unknown
Linesman : Unknown
Game Notes
Brendon Nash is injured at 8:38 of 2nd period (Right Foot)
Finance
Level 1 -- Attendance: 1454 (72.70%) -- Ticket Income $47,982
Level 2 -- Attendance: 743 (74.30%) -- Ticket Income $13,374
Total Attendance: 2197 (73.23%)
Total Ticket Income: $61,356
Other Income: $3,068
Total Income: $64,424
Ice Dragons
5 vs 5 Forward
Center Left Wing Right Wing Time % Phy DF OF
1 Darren Helm Logan MacMillan Stefan Ruzicka 40 1 2 2
2 Luke Adam William Carrier Jiri Tlusty 30 1 2 2
3 Michael Chaput Michael Ferland Brandon Kozun 20 1 2 2
4 Sam Carrick Cole Ully Chris Wagner 10 1 2 2
5 vs 5 Defense
Defense Defense Time % Phy DF OF
1 Brendon Nash Brayden McNabb 40 1 2 2
2 Kevin Connauton Samuel Groulx 30 1 2 2
3 Alex Plante Ryan Pulock 20 1 2 2
4 Christian Djoos Brendon Nash 10 1 2 2
PowerPlay Forward
Center Left Wing Right Wing Time % Phy DF OF
1 Darren Helm Logan MacMillan Stefan Ruzicka 60 1 2 2
2 Luke Adam William Carrier Jiri Tlusty 40 1 2 2
PowerPlay Defense
Defense Defense Time % Phy DF OF
1 Brendon Nash Brayden McNabb 60 1 2 2
2 Kevin Connauton Samuel Groulx 40 1 2 2
Penalty Kill 4 Players Forward
Center Wing Time % Phy DF OF
1 Stefan Ruzicka Jiri Tlusty 60 1 2 2
2 Darren Helm Luke Adam 40 1 2 2
Penalty Kill 4 Players Defense
Defense Defense Time % Phy DF OF
1 Brendon Nash Brayden McNabb 60 1 2 2
2 Kevin Connauton Samuel Groulx 40 1 2 2
Penalty Kill - 3 Players Forward
Forward Time % Phy DF OF
1 Stefan Ruzicka 60 1 2 2
2 Jiri Tlusty 40 1 2 2
Penalty Kill - 3 Players Defense
Defense Defense Time % Phy DF OF
1 Brendon Nash Brayden McNabb 60 1 2 2
2 Kevin Connauton Samuel Groulx 40 1 2 2
4 vs 4 Forward
Center Wing Time % Phy DF OF
1 Stefan Ruzicka Jiri Tlusty 60 1 2 2
2 Darren Helm Luke Adam 40 1 2 2
4 vs 4 Defense
Defense Defense Time % Phy DF OF
1 Brendon Nash Brayden McNabb 60 1 2 2
2 Kevin Connauton Samuel Groulx 40 1 2 2
Last Minutes Offensive
Center Left Wing Right Wing Defense Defense
Darren Helm Logan MacMillan Stefan Ruzicka Brendon Nash Brayden McNabb
Last Minutes Defensive
Center Left Wing Right Wing Defense Defense
Darren Helm Logan MacMillan Stefan Ruzicka Brendon Nash Brayden McNabb
Goaltenders
Starting : Harru Sateri
Backup : Anders Nilsson
Extra Forwards
Normal : Emil Pettersson, Theodor Blueger, Justin Shugg - PP : Emil Pettersson, Theodor Blueger - PK : Justin Shugg
Extra Defensemen
Normal : Alex Plante, Ryan Pulock, Christian Djoos - PP : Alex Plante - PK : Ryan Pulock, Christian Djoos
Penalty Shots
Stefan Ruzicka, Jiri Tlusty, Darren Helm, Luke Adam, Michael Chaput
Scratches
Oscar Dansk (Healthy)
Knights
5 vs 5 Forward
Center Left Wing Right Wing Time % Phy DF OF
1 Noel Acciari Michael Raffl Pavel Buchnevich 36 1 1 3
2 Miro Aaltonen Jordan Martinook Linden Vey 30 1 1 3
3 Jonathan Drouin Valentin Zykov Tom Wilson 24 1 1 3
4 Brendan Gaunce Scott Wilson Brett Connolly 10 2 1 2
5 vs 5 Defense
Defense Defense Time % Phy DF OF
1 Jacob Trouba Tomas Kundratek 40 1 2 2
2 Michael Matheson Jaccob Slavin 30 1 1 3
3 Ludwig Bystrom Collin Miller 20 1 2 2
4 Jacob Trouba Jaccob Slavin 10 1 2 2
PowerPlay Forward
Center Left Wing Right Wing Time % Phy DF OF
1 Miro Aaltonen Michael Raffl Pavel Buchnevich 60 1 1 3
2 Jonathan Drouin Valentin Zykov Linden Vey 40 1 1 3
PowerPlay Defense
Defense Defense Time % Phy DF OF
1 Jaccob Slavin Tomas Kundratek 60 0 1 4
2 Collin Miller Jacob Trouba 40 0 1 4
Penalty Kill 4 Players Forward
Center Wing Time % Phy DF OF
1 Linden Vey Michael Raffl 60 1 3 1
2 Noel Acciari Tom Wilson 40 1 3 1
Penalty Kill 4 Players Defense
Defense Defense Time % Phy DF OF
1 Tomas Kundratek Jaccob Slavin 60 1 3 1
2 Michael Matheson Jacob Trouba 40 1 3 1
Penalty Kill - 3 Players Forward
Forward Time % Phy DF OF
1 Michael Raffl 60 0 4 1
2 Linden Vey 40 0 4 1
Penalty Kill - 3 Players Defense
Defense Defense Time % Phy DF OF
1 Jaccob Slavin Tomas Kundratek 60 1 3 1
2 Jacob Trouba Michael Matheson 40 1 3 1
4 vs 4 Forward
Center Wing Time % Phy DF OF
1 Tom Wilson Michael Raffl 60 1 2 2
2 Linden Vey Noel Acciari 40 1 2 2
4 vs 4 Defense
Defense Defense Time % Phy DF OF
1 Tomas Kundratek Michael Matheson 60 1 2 2
2 Jacob Trouba Collin Miller 40 1 2 2
Last Minutes Offensive
Center Left Wing Right Wing Defense Defense
Noel Acciari Michael Raffl Linden Vey Tomas Kundratek Jacob Trouba
Last Minutes Defensive
Center Left Wing Right Wing Defense Defense
Noel Acciari Michael Raffl Linden Vey Tomas Kundratek Jacob Trouba
Goaltenders
Starting : Ben Scrivens
Backup : Magnus Hellberg
Extra Forwards
Normal : Tom Wilson, Miro Aaltonen, Michael Raffl - PP : Tom Wilson, Michael Raffl - PK : Michael Raffl
Extra Defensemen
Normal : Michael Matheson, Tomas Kundratek, Jacob Trouba - PP : Jacob Trouba - PK : Jaccob Slavin, Jacob Trouba
Penalty Shots
Michael Raffl, Miro Aaltonen, Pavel Buchnevich, Tom Wilson, Jonathan Drouin
Scratches
Stefan Matteau (Healthy), Zach Nastasiuk (Healthy), Cody Bass (Healthy), Alan Quine (Healthy), Matt Puempel (Healthy)
David Shields (Healthy), Matthew Benning (Healthy), Matt Grzelcyk (Healthy), Trevor Moore (Healthy), Curtis Valk (Healthy)
Anthony Louis (Healthy), Travis Boyd (Healthy), Zach Trotman (Healthy), Anton Blidh (Healthy), Andrei Mironov (Healthy)
A.J. Jenks (Healthy), Connor Knapp (Healthy), Eamon McAdam (Healthy), Philippe Desrosiers (Healthy), Ville Husso (Healthy)
% Time on Ice - Ice Dragons
Lines # - Real PCT - Wanted PCT - Time Play
Normal Forward
1 - 34% - 40% - 16:29
2 - 27% - 30% - 13:18
3 - 22% - 20% - 10:55
4 - 17% - 10% - 8:16
Normal Defense
1 - 38% - 40% - 18:49
2 - 30% - 30% - 14:42
3 - 19% - 20% - 9:19
4 - 13% - 10% - 6:08
PP Forward
1 - 47% - 60% - 1:53
2 - 53% - 40% - 2:05
PP Defense
1 - 82% - 60% - 3:16
2 - 18% - 40% - 0:42
PK Forward
1 - 73% - 60% - 5:09
2 - 27% - 40% - 1:55
PK Defense
1 - 57% - 60% - 4:00
2 - 43% - 40% - 3:04
PK3 Forward
1 - 0% - 60%
2 - 0% - 40%
PK3 Defense
1 - 0% - 60%
2 - 0% - 40%
44 Forward
1 - 0% - 60%
2 - 0% - 40%
44 Defense
1 - 0% - 60%
2 - 0% - 40%
Last Minute Offensive - 0:00
Last Minute Defensive - 0:00
Total
Forward - 60:00
Defense - 60:00
|
% Time on Ice - Knights
Lines # - Real PCT - Wanted PCT - Time Play
Normal Forward
1 - 32% - 36% - 15:52
2 - 26% - 30% - 12:47
3 - 22% - 24% - 11:01
4 - 19% - 10% - 9:18
Normal Defense
1 - 40% - 40% - 19:44
2 - 32% - 30% - 15:48
3 - 22% - 20% - 10:34
4 - 6% - 10% - 2:52
PP Forward
1 - 54% - 60% - 3:50
2 - 46% - 40% - 3:14
PP Defense
1 - 50% - 60% - 3:32
2 - 50% - 40% - 3:32
PK Forward
1 - 74% - 60% - 2:57
2 - 26% - 40% - 1:01
PK Defense
1 - 63% - 60% - 2:29
2 - 37% - 40% - 1:29
PK3 Forward
1 - 0% - 60%
2 - 0% - 40%
PK3 Defense
1 - 0% - 60%
2 - 0% - 40%
44 Forward
1 - 0% - 60%
2 - 0% - 40%
44 Defense
1 - 0% - 60%
2 - 0% - 40%
Last Minute Offensive - 0:00
Last Minute Defensive - 0:00
Total
Forward - 60:00
Defense - 60:00
|
Play by Play
1st period
0:01 of 1st period - Logan MacMillan wins face-off versus Noel Acciari in neutral zone.
0:08 of 1st period - Slapshot by Stefan Ruzicka.
0:08 of 1st period - Stopped by Ben Scrivens with a rebound.
0:14 of 1st period - Logan MacMillan is hit by Noel Acciari and loses puck.
0:25 of 1st period - Tomas Kundratek is hit by William Carrier.
0:55 of 1st period - Tom Wilson is hit by Michael Chaput and loses puck.
1:12 of 1st period - Snap shot by Sam Carrick.
1:12 of 1st period - Stopped by Ben Scrivens with a rebound.
1:14 of 1st period - Wrist shot by Sam Carrick.
1:14 of 1st period - Stopped by Ben Scrivens with a rebound.
1:16 of 1st period - Slapshot by Alex Plante.
1:16 of 1st period - Stopped by Ben Scrivens with a rebound.
1:30 of 1st period - Snap shot by Michael Raffl.
1:30 of 1st period - Deflect By Pavel Buchnevich.
1:30 of 1st period - Stopped by Harru Sateri without a rebound.
1:31 of 1st period - William Carrier wins face-off versus Noel Acciari in Ice Dragons zone.
1:38 of 1st period - Snap shot by Pavel Buchnevich.
1:38 of 1st period - Deflect By Luke Adam.
1:38 of 1st period - Shot Blocked by Luke Adam.
1:38 of 1st period - Puck is out of play.
1:39 of 1st period - Miro Aaltonen wins face-off versus Luke Adam in Ice Dragons zone.
1:42 of 1st period - Wrist shot by Linden Vey.
1:42 of 1st period - Stopped by Harru Sateri with a rebound.
1:52 of 1st period - Slapshot by Luke Adam.
1:52 of 1st period - Shot Misses the Net.
1:54 of 1st period - Snap shot by Jiri Tlusty.
1:54 of 1st period - Stopped by Ben Scrivens without a rebound.
1:55 of 1st period - Darren Helm wins face-off versus Brendan Gaunce in Knights zone.
2:22 of 1st period - Christian Djoos is hit by Pavel Buchnevich and loses puck.
2:39 of 1st period - Snap shot by Miro Aaltonen.
2:39 of 1st period - Shot Blocked by Luke Adam.
2:51 of 1st period - Snap shot by Miro Aaltonen.
2:51 of 1st period - Deflect By Jordan Martinook.
2:51 of 1st period - Stopped by Harru Sateri with a rebound.
3:41 of 1st period - Noel Acciari is hit by Alex Plante and loses puck.
4:04 of 1st period - Icing by Michael Matheson.
4:05 of 1st period - Luke Adam wins face-off versus Miro Aaltonen in Knights zone.
4:08 of 1st period - Wrist shot by Luke Adam.
4:08 of 1st period - Stopped by Ben Scrivens without a rebound.
4:09 of 1st period - Darren Helm wins face-off versus Noel Acciari in Knights zone.
4:36 of 1st period - Brayden McNabb is hit by Jordan Martinook and loses puck.
4:55 of 1st period - Wrist shot by Jonathan Drouin.
4:55 of 1st period - Shot Blocked by Michael Chaput.
4:57 of 1st period - Slapshot by Collin Miller.
4:57 of 1st period - Stopped by Harru Sateri without a rebound.
4:58 of 1st period - Michael Chaput wins face-off versus Tom Wilson in Ice Dragons zone.
5:19 of 1st period - Kevin Connauton is hit by Valentin Zykov and loses puck.
5:24 of 1st period - Snap shot by Tom Wilson.
5:24 of 1st period - Stopped by Harru Sateri with a rebound.
5:32 of 1st period - Snap shot by Jonathan Drouin.
5:32 of 1st period - Stopped by Harru Sateri with a rebound.
5:34 of 1st period - Slapshot by Michael Matheson.
5:34 of 1st period - Stopped by Harru Sateri without a rebound.
5:35 of 1st period - Darren Helm wins face-off versus Noel Acciari in Ice Dragons zone.
5:35 of 1st period - Darren Helm is hit by Michael Raffl.
5:38 of 1st period - Minor Penalty to Darren Helm for Tripping.
5:39 of 1st period - Miro Aaltonen wins face-off versus Stefan Ruzicka in Ice Dragons zone.
5:39 of 1st period - Wrist shot by Pavel Buchnevich.
5:39 of 1st period - Goal by Pavel Buchnevich - Ice Dragons : 0 - Knights : 1.
5:40 of 1st period - Darren Helm wins face-off versus Noel Acciari in neutral zone.
5:53 of 1st period - Snap shot by Darren Helm.
5:53 of 1st period - Shot Misses the Net.
6:15 of 1st period - Wrist shot by Luke Adam.
6:15 of 1st period - Goal by Luke Adam - Ice Dragons : 1 - Knights : 1.
6:16 of 1st period - Noel Acciari wins face-off versus Darren Helm in neutral zone.
6:20 of 1st period - Off-side.
6:21 of 1st period - Darren Helm wins face-off versus Noel Acciari in neutral zone.
6:42 of 1st period - Brayden McNabb is hit by Pavel Buchnevich and loses puck.
7:06 of 1st period - Wrist shot by Stefan Ruzicka.
7:06 of 1st period - Shot Blocked by Jacob Trouba.
7:14 of 1st period - Wrist shot by Jaccob Slavin.
7:14 of 1st period - Stopped by Harru Sateri with a rebound.
7:16 of 1st period - Wrist shot by Michael Raffl.
7:16 of 1st period - Shot Misses the Net.
7:18 of 1st period - Slapshot by Jacob Trouba.
7:18 of 1st period - Stopped by Harru Sateri with a rebound.
7:36 of 1st period - Wrist shot by Michael Raffl.
7:36 of 1st period - Stopped by Harru Sateri without a rebound.
7:37 of 1st period - Luke Adam wins face-off versus Miro Aaltonen in Ice Dragons zone.
8:39 of 1st period - Snap shot by Scott Wilson.
8:39 of 1st period - Shot Misses the Net.
8:41 of 1st period - Wrist shot by Ludwig Bystrom.
8:41 of 1st period - Shot Blocked by Alex Plante.
8:49 of 1st period - Collin Miller is hit by Michael Ferland and loses puck.
9:00 of 1st period - Slapshot by Collin Miller.
9:00 of 1st period - Shot Blocked by Brandon Kozun.
9:16 of 1st period - Snap shot by Brandon Kozun.
9:16 of 1st period - Stopped by Ben Scrivens with a rebound.
9:32 of 1st period - Snap shot by Scott Wilson.
9:32 of 1st period - Stopped by Harru Sateri with a rebound.
10:30 of 1st period - Snap shot by Scott Wilson.
10:30 of 1st period - Shot Misses the Net.
10:55 of 1st period - Wrist shot by Michael Chaput.
10:55 of 1st period - Stopped by Ben Scrivens with a rebound.
10:57 of 1st period - Wrist shot by Michael Ferland.
10:57 of 1st period - Stopped by Ben Scrivens with a rebound.
11:19 of 1st period - Wrist shot by Collin Miller.
11:19 of 1st period - Deflect By Brendan Gaunce.
11:19 of 1st period - Shot Misses the Net.
11:19 of 1st period - Puck is out of play.
11:20 of 1st period - Miro Aaltonen wins face-off versus Darren Helm in Ice Dragons zone.
12:28 of 1st period - Brendon Nash is hit by Michael Matheson and loses puck.
12:57 of 1st period - Snap shot by Noel Acciari.
12:57 of 1st period - Stopped by Harru Sateri without a rebound.
12:58 of 1st period - Luke Adam wins face-off versus Noel Acciari in Ice Dragons zone.
13:07 of 1st period - Wrist shot by Luke Adam.
13:07 of 1st period - Stopped by Ben Scrivens with a rebound.
13:29 of 1st period - Snap shot by Darren Helm.
13:29 of 1st period - Shot Misses the Net.
14:03 of 1st period - Luke Adam is hit by Jonathan Drouin and loses puck.
14:44 of 1st period - Kevin Connauton is hit by Miro Aaltonen and loses puck.
19:25 of 1st period - Jacob Trouba is hit by Darren Helm and loses puck.
Goals for this period are 1 for Ice Dragons vs 1 for Knights.
Shots for this period are 11 for Ice Dragons vs 13 for Knights.
2nd period
0:01 of 2nd period - Noel Acciari wins face-off versus Darren Helm in neutral zone.
0:12 of 2nd period - Wrist shot by Darren Helm.
0:12 of 2nd period - Shot Blocked by Michael Matheson.
0:14 of 2nd period - Snap shot by Brendon Nash.
0:14 of 2nd period - Shot Misses the Net.
0:16 of 2nd period - Wrist shot by Logan MacMillan.
0:16 of 2nd period - Shot Misses the Net.
1:18 of 2nd period - Snap shot by Brendan Gaunce.
1:18 of 2nd period - Stopped by Harru Sateri with a rebound.
1:20 of 2nd period - Slapshot by Tomas Kundratek.
1:20 of 2nd period - Shot Misses the Net.
1:22 of 2nd period - Slapshot by Brendan Gaunce.
1:22 of 2nd period - Deflect By Stefan Ruzicka.
1:22 of 2nd period - Stopped by Harru Sateri with a rebound.
1:54 of 2nd period - Wrist shot by Linden Vey.
1:54 of 2nd period - Goal by Linden Vey - Ice Dragons : 1 - Knights : 2.
1:55 of 2nd period - Noel Acciari wins face-off versus Stefan Ruzicka in neutral zone.
2:09 of 2nd period - Snap shot by Darren Helm.
2:09 of 2nd period - Shot Blocked by Michael Raffl.
3:07 of 2nd period - Wrist shot by Darren Helm.
3:07 of 2nd period - Stopped by Ben Scrivens with a rebound.
3:09 of 2nd period - Slapshot by Alex Plante.
3:09 of 2nd period - Stopped by Ben Scrivens without a rebound.
3:10 of 2nd period - Logan MacMillan wins face-off versus Jonathan Drouin in Knights zone.
3:27 of 2nd period - Snap shot by Stefan Ruzicka.
3:27 of 2nd period - Stopped by Ben Scrivens with a rebound.
3:29 of 2nd period - Snap shot by Logan MacMillan.
3:29 of 2nd period - Deflect By Darren Helm.
3:29 of 2nd period - Stopped by Ben Scrivens without a rebound.
3:30 of 2nd period - Noel Acciari wins face-off versus Luke Adam in Knights zone.
4:02 of 2nd period - Off-side.
4:03 of 2nd period - Darren Helm wins face-off versus Miro Aaltonen in neutral zone.
5:14 of 2nd period - Minor Penalty to Cole Ully for Roughing.
5:15 of 2nd period - Miro Aaltonen wins face-off versus Stefan Ruzicka in Ice Dragons zone.
5:20 of 2nd period - Off-side.
5:21 of 2nd period - Stefan Ruzicka wins face-off versus Miro Aaltonen in neutral zone.
6:04 of 2nd period - Snap shot by Luke Adam.
6:04 of 2nd period - Shot Misses the Net.
6:06 of 2nd period - Snap shot by Darren Helm.
6:06 of 2nd period - Shot Misses the Net.
6:08 of 2nd period - Slapshot by Samuel Groulx.
6:08 of 2nd period - Shot Misses the Net.
6:10 of 2nd period - Snap shot by Brendon Nash.
6:10 of 2nd period - Shot Blocked by Tomas Kundratek.
6:12 of 2nd period - Snap shot by Brayden McNabb.
6:12 of 2nd period - Shot Blocked by Tomas Kundratek.
6:32 of 2nd period - Slapshot by Kevin Connauton.
6:32 of 2nd period - Shot Blocked by Valentin Zykov.
6:34 of 2nd period - Snap shot by Michael Ferland.
6:34 of 2nd period - Stopped by Ben Scrivens with a rebound.
6:36 of 2nd period - Slapshot by Kevin Connauton.
6:36 of 2nd period - Deflect By Jonathan Drouin.
6:36 of 2nd period - Stopped by Ben Scrivens without a rebound.
6:37 of 2nd period - Stefan Ruzicka wins face-off versus Jonathan Drouin in Knights zone.
7:14 of 2nd period - Penalty to Cole Ully is over, Cole Ully is back on ice.
7:40 of 2nd period - Alex Plante is hit by Valentin Zykov and loses puck.
8:37 of 2nd period - Brendon Nash is hit by Michael Matheson and loses puck.
8:38 of 2nd period - Brendon Nash from Ice Dragons is injured at 8:38 of 2nd period (Right Foot).
8:39 of 2nd period - Darren Helm wins face-off versus Noel Acciari in Ice Dragons zone.
8:48 of 2nd period - Snap shot by Stefan Ruzicka.
8:48 of 2nd period - Shot Hit the Post.
8:50 of 2nd period - Slapshot by Brayden McNabb.
8:50 of 2nd period - Shot Misses the Net.
8:54 of 2nd period - Backhand shot by Darren Helm.
8:54 of 2nd period - Stopped by Ben Scrivens with a rebound.
9:09 of 2nd period - Snap shot by Jaccob Slavin.
9:09 of 2nd period - Goal by Jaccob Slavin - Ice Dragons : 1 - Knights : 3.
9:10 of 2nd period - Noel Acciari wins face-off versus Darren Helm in neutral zone.
9:15 of 2nd period - Wrist shot by Noel Acciari.
9:15 of 2nd period - Shot Misses the Net.
9:37 of 2nd period - Luke Adam is hit by Miro Aaltonen and loses puck.
10:04 of 2nd period - Slapshot by Michael Chaput.
10:04 of 2nd period - Stopped by Ben Scrivens with a rebound.
10:30 of 2nd period - Minor Penalty to Logan MacMillan for Tripping.
10:31 of 2nd period - Stefan Ruzicka wins face-off versus Miro Aaltonen in Ice Dragons zone.
11:06 of 2nd period - Snap shot by Jaccob Slavin.
11:06 of 2nd period - Stopped by Harru Sateri without a rebound.
11:07 of 2nd period - Stefan Ruzicka wins face-off versus Miro Aaltonen in Ice Dragons zone.
12:30 of 2nd period - Penalty to Logan MacMillan is over, Logan MacMillan is back on ice.
13:08 of 2nd period - Logan MacMillan is hit by Miro Aaltonen and loses puck.
13:36 of 2nd period - Icing by Michael Matheson.
13:37 of 2nd period - Noel Acciari wins face-off versus Sam Carrick in Knights zone.
14:08 of 2nd period - Snap shot by Darren Helm.
14:08 of 2nd period - Shot Blocked by Jacob Trouba.
14:10 of 2nd period - Snap shot by Stefan Ruzicka.
14:10 of 2nd period - Shot Misses the Net.
14:12 of 2nd period - Slapshot by Samuel Groulx.
14:12 of 2nd period - Deflect By Tom Wilson.
14:12 of 2nd period - Stopped by Ben Scrivens with a rebound.
14:14 of 2nd period - Wrist shot by Logan MacMillan.
14:14 of 2nd period - Stopped by Ben Scrivens without a rebound.
14:15 of 2nd period - Luke Adam wins face-off versus Noel Acciari in Knights zone.
14:18 of 2nd period - Wrist shot by Luke Adam.
14:18 of 2nd period - Shot Blocked by Ludwig Bystrom.
14:20 of 2nd period - Slapshot by Alex Plante.
14:20 of 2nd period - Stopped by Ben Scrivens without a rebound.
14:21 of 2nd period - Noel Acciari wins face-off versus Luke Adam in Knights zone.
14:26 of 2nd period - Jiri Tlusty is hit by Collin Miller and loses puck.
14:33 of 2nd period - Wrist shot by Luke Adam.
14:33 of 2nd period - Stopped by Ben Scrivens without a rebound.
14:34 of 2nd period - Miro Aaltonen wins face-off versus Darren Helm in Knights zone.
14:38 of 2nd period - Off-side.
14:39 of 2nd period - Miro Aaltonen wins face-off versus Logan MacMillan in neutral zone.
14:43 of 2nd period - Slapshot by Jordan Martinook.
14:43 of 2nd period - Shot Misses the Net.
14:45 of 2nd period - Slapshot by Jacob Trouba.
14:45 of 2nd period - Shot Misses the Net.
14:47 of 2nd period - Wrist shot by Jordan Martinook.
14:47 of 2nd period - Shot Blocked by Alex Plante.
14:49 of 2nd period - Slapshot by Jacob Trouba.
14:49 of 2nd period - Stopped by Harru Sateri without a rebound.
14:50 of 2nd period - Darren Helm wins face-off versus Noel Acciari in Ice Dragons zone.
14:55 of 2nd period - Wrist shot by Logan MacMillan.
14:55 of 2nd period - Deflect By Noel Acciari.
14:55 of 2nd period - Stopped by Ben Scrivens without a rebound.
14:56 of 2nd period - Noel Acciari wins face-off versus Darren Helm in Knights zone.
14:56 of 2nd period - Noel Acciari is hit by Alex Plante.
15:08 of 2nd period - Icing by Pavel Buchnevich.
15:09 of 2nd period - Darren Helm wins face-off versus Noel Acciari in Knights zone.
15:44 of 2nd period - Slapshot by Linden Vey.
15:44 of 2nd period - Shot Blocked by Luke Adam.
16:02 of 2nd period - Slapshot by Tomas Kundratek.
16:02 of 2nd period - Stopped by Harru Sateri with a rebound.
16:27 of 2nd period - Wrist shot by Stefan Ruzicka.
16:27 of 2nd period - Shot Blocked by Jaccob Slavin.
17:23 of 2nd period - Michael Ferland is hit by Jordan Martinook and loses puck.
17:44 of 2nd period - Snap shot by Michael Raffl.
17:44 of 2nd period - Shot Blocked by Ryan Pulock.
17:46 of 2nd period - Slapshot by Collin Miller.
17:46 of 2nd period - Stopped by Harru Sateri with a rebound.
17:48 of 2nd period - Wrist shot by Michael Raffl.
17:48 of 2nd period - Shot Hit the Post.
17:50 of 2nd period - Wrist shot by Michael Raffl.
17:50 of 2nd period - Deflect By Noel Acciari.
17:50 of 2nd period - Shot Misses the Net.
17:50 of 2nd period - Puck is out of play.
17:51 of 2nd period - Jiri Tlusty wins face-off versus Noel Acciari in Ice Dragons zone.
17:59 of 2nd period - Snap shot by Noel Acciari.
17:59 of 2nd period - Shot Misses the Net.
18:01 of 2nd period - Slapshot by Tomas Kundratek.
18:01 of 2nd period - Deflect By Michael Raffl.
18:01 of 2nd period - Stopped by Harru Sateri without a rebound.
18:02 of 2nd period - Miro Aaltonen wins face-off versus Darren Helm in Ice Dragons zone.
18:13 of 2nd period - Slapshot by Miro Aaltonen.
18:13 of 2nd period - Shot Misses the Net.
18:23 of 2nd period - Minor Penalty to Jacob Trouba for Roughing.
18:24 of 2nd period - Linden Vey wins face-off versus Darren Helm in Knights zone.
18:24 of 2nd period - Linden Vey is hit by Darren Helm.
19:39 of 2nd period - William Carrier is hit by Noel Acciari and loses puck.
Goals for this period are 0 for Ice Dragons vs 2 for Knights.
Shots for this period are 13 for Ice Dragons vs 9 for Knights.
3rd period
0:01 of 3rd period - Linden Vey wins face-off versus Darren Helm in neutral zone.
0:16 of 3rd period - Snap shot by Jaccob Slavin.
0:16 of 3rd period - Stopped by Harru Sateri with a rebound.
0:23 of 3rd period - Penalty to Jacob Trouba is over, Jacob Trouba is back on ice.
0:56 of 3rd period - Wrist shot by Pavel Buchnevich.
0:56 of 3rd period - Deflect By Michael Raffl.
0:56 of 3rd period - Stopped by Harru Sateri with a rebound.
0:58 of 3rd period - Backhand shot by Noel Acciari.
0:58 of 3rd period - Shot Misses the Net.
1:33 of 3rd period - Jacob Trouba is hit by Darren Helm and loses puck.
1:40 of 3rd period - Brayden McNabb is hit by Brett Connolly and loses puck.
2:01 of 3rd period - Jaccob Slavin is hit by Jiri Tlusty and loses puck.
2:19 of 3rd period - Off-side.
2:20 of 3rd period - Stefan Ruzicka wins face-off versus Miro Aaltonen in neutral zone.
2:22 of 3rd period - Off-side.
2:23 of 3rd period - Darren Helm wins face-off versus Miro Aaltonen in neutral zone.
2:26 of 3rd period - Snap shot by Darren Helm.
2:26 of 3rd period - Deflect By Stefan Ruzicka.
2:26 of 3rd period - Stopped by Ben Scrivens with a rebound.
3:31 of 3rd period - Icing by Tomas Kundratek.
3:32 of 3rd period - Brendan Gaunce wins face-off versus Sam Carrick in Knights zone.
3:39 of 3rd period - Snap shot by Brett Connolly.
3:39 of 3rd period - Shot Blocked by Christian Djoos.
3:41 of 3rd period - Snap shot by Tomas Kundratek.
3:41 of 3rd period - Shot Blocked by Sam Carrick.
3:47 of 3rd period - Wrist shot by Brendan Gaunce.
3:47 of 3rd period - Stopped by Harru Sateri without a rebound.
3:48 of 3rd period - Darren Helm wins face-off versus Noel Acciari in Ice Dragons zone.
4:01 of 3rd period - Wrist shot by Noel Acciari.
4:01 of 3rd period - Stopped by Harru Sateri with a rebound.
4:03 of 3rd period - Snap shot by Noel Acciari.
4:03 of 3rd period - Stopped by Harru Sateri with a rebound.
4:09 of 3rd period - Minor Penalty to Logan MacMillan for Interference.
4:10 of 3rd period - Miro Aaltonen wins face-off versus Stefan Ruzicka in Ice Dragons zone.
4:11 of 3rd period - Slapshot by Pavel Buchnevich.
4:11 of 3rd period - Stopped by Harru Sateri with a rebound.
4:13 of 3rd period - Snap shot by Pavel Buchnevich.
4:13 of 3rd period - Goal by Pavel Buchnevich - Ice Dragons : 1 - Knights : 4.
4:14 of 3rd period - Noel Acciari wins face-off versus Darren Helm in neutral zone.
4:17 of 3rd period - Backhand shot by Jacob Trouba.
4:17 of 3rd period - Shot Blocked by Alex Plante.
4:23 of 3rd period - Snap shot by Michael Raffl.
4:23 of 3rd period - Shot Misses the Net.
4:25 of 3rd period - Slapshot by Noel Acciari.
4:25 of 3rd period - Stopped by Harru Sateri without a rebound.
4:26 of 3rd period - Darren Helm wins face-off versus Miro Aaltonen in Ice Dragons zone.
4:51 of 3rd period - Jaccob Slavin is hit by Jiri Tlusty.
5:52 of 3rd period - Jaccob Slavin is hit by Ryan Pulock and loses puck.
6:11 of 3rd period - Michael Matheson is hit by William Carrier and loses puck.
7:11 of 3rd period - Sam Carrick is hit by Scott Wilson and loses puck.
7:25 of 3rd period - Slapshot by Samuel Groulx.
7:25 of 3rd period - Shot Misses the Net.
7:27 of 3rd period - Snap shot by Cole Ully.
7:27 of 3rd period - Goal by Cole Ully - Ice Dragons : 2 - Knights : 4.
7:28 of 3rd period - Darren Helm wins face-off versus Noel Acciari in neutral zone.
7:58 of 3rd period - Backhand shot by Stefan Ruzicka.
7:58 of 3rd period - Deflect By Darren Helm.
7:58 of 3rd period - Shot Misses the Net.
7:58 of 3rd period - Puck is out of play.
7:59 of 3rd period - Miro Aaltonen wins face-off versus Luke Adam in Knights zone.
8:06 of 3rd period - Slapshot by Miro Aaltonen.
8:06 of 3rd period - Shot Misses the Net.
8:08 of 3rd period - Snap shot by Michael Matheson.
8:08 of 3rd period - Stopped by Harru Sateri with a rebound.
8:10 of 3rd period - Snap shot by Jordan Martinook.
8:10 of 3rd period - Shot Misses the Net.
8:24 of 3rd period - Jaccob Slavin is hit by Samuel Groulx and loses puck.
8:35 of 3rd period - Snap shot by Michael Chaput.
8:35 of 3rd period - Shot Blocked by Valentin Zykov.
8:37 of 3rd period - Backhand shot by Michael Ferland.
8:37 of 3rd period - Stopped by Ben Scrivens without a rebound.
8:38 of 3rd period - Darren Helm wins face-off versus Noel Acciari in Knights zone.
9:05 of 3rd period - Icing by Jiri Tlusty.
9:06 of 3rd period - Jiri Tlusty wins face-off versus Miro Aaltonen in Ice Dragons zone.
9:06 of 3rd period - Jiri Tlusty is hit by Miro Aaltonen.
9:42 of 3rd period - Slapshot by Miro Aaltonen.
9:42 of 3rd period - Stopped by Harru Sateri without a rebound.
9:43 of 3rd period - Noel Acciari wins face-off versus Darren Helm in Ice Dragons zone.
9:46 of 3rd period - Slapshot by Michael Raffl.
9:46 of 3rd period - Stopped by Harru Sateri with a rebound.
10:11 of 3rd period - Minor Penalty to Alex Plante for Slashing.
10:12 of 3rd period - Miro Aaltonen wins face-off versus Stefan Ruzicka in Ice Dragons zone.
12:11 of 3rd period - Penalty to Alex Plante is over, Alex Plante is back on ice.
12:11 of 3rd period - Michael Raffl is hit by Michael Ferland and loses puck.
12:20 of 3rd period - Snap shot by Darren Helm.
12:20 of 3rd period - Stopped by Ben Scrivens without a rebound.
12:21 of 3rd period - Scott Wilson wins face-off versus Sam Carrick in Knights zone.
12:21 of 3rd period - Scott Wilson is hit by Ryan Pulock.
12:49 of 3rd period - Slapshot by Jaccob Slavin.
12:49 of 3rd period - Stopped by Harru Sateri with a rebound.
14:02 of 3rd period - Minor Penalty to Chris Wagner for Tripping.
14:03 of 3rd period - Stefan Ruzicka wins face-off versus Miro Aaltonen in Ice Dragons zone.
14:16 of 3rd period - Slapshot by Miro Aaltonen.
14:16 of 3rd period - Shot Misses the Net.
14:58 of 3rd period - Snap shot by Jonathan Drouin.
14:58 of 3rd period - Shot Misses the Net.
15:00 of 3rd period - Snap shot by Collin Miller.
15:00 of 3rd period - Shot Blocked by Samuel Groulx.
15:02 of 3rd period - Slapshot by Valentin Zykov.
15:02 of 3rd period - Shot Misses the Net.
15:04 of 3rd period - Slapshot by Collin Miller.
15:04 of 3rd period - Goal by Collin Miller - Ice Dragons : 2 - Knights : 5.
15:05 of 3rd period - Darren Helm wins face-off versus Pavel Buchnevich in neutral zone.
15:08 of 3rd period - Snap shot by Stefan Ruzicka.
15:08 of 3rd period - Stopped by Ben Scrivens with a rebound.
15:14 of 3rd period - Snap shot by Jaccob Slavin.
15:14 of 3rd period - Stopped by Harru Sateri with a rebound.
15:16 of 3rd period - Wrist shot by Noel Acciari.
15:16 of 3rd period - Shot Blocked by Alex Plante.
15:18 of 3rd period - Snap shot by Jaccob Slavin.
15:18 of 3rd period - Goal by Jaccob Slavin - Ice Dragons : 2 - Knights : 6.
15:19 of 3rd period - Noel Acciari wins face-off versus Darren Helm in neutral zone.
15:55 of 3rd period - Michael Chaput is hit by Miro Aaltonen and loses puck.
16:39 of 3rd period - Slapshot by Michael Matheson.
16:39 of 3rd period - Deflect By Scott Wilson.
16:39 of 3rd period - Stopped by Harru Sateri with a rebound.
16:41 of 3rd period - Slapshot by Jaccob Slavin.
16:41 of 3rd period - Stopped by Harru Sateri with a rebound.
16:43 of 3rd period - Snap shot by Brendan Gaunce.
16:43 of 3rd period - Shot Misses the Net.
17:11 of 3rd period - Minor Penalty to Jacob Trouba for Holding Stick.
17:12 of 3rd period - Darren Helm wins face-off versus Linden Vey in Knights zone.
17:15 of 3rd period - Wrist shot by Stefan Ruzicka.
17:15 of 3rd period - Shot Misses the Net.
17:17 of 3rd period - Snap shot by Brayden McNabb.
17:17 of 3rd period - Shot Blocked by Jaccob Slavin.
17:25 of 3rd period - Backhand shot by Darren Helm.
17:25 of 3rd period - Deflect By Jaccob Slavin.
17:25 of 3rd period - Stopped by Ben Scrivens with a rebound.
17:27 of 3rd period - Slapshot by Brayden McNabb.
17:27 of 3rd period - Stopped by Ben Scrivens with a rebound.
17:56 of 3rd period - Noel Acciari is hit by Stefan Ruzicka and loses puck.
18:10 of 3rd period - Icing by Brayden McNabb.
18:11 of 3rd period - Luke Adam wins face-off versus Linden Vey in Ice Dragons zone.
18:40 of 3rd period - Icing by Kevin Connauton.
18:41 of 3rd period - Luke Adam wins face-off versus Linden Vey in Ice Dragons zone.
19:11 of 3rd period - Penalty to Jacob Trouba is over, Jacob Trouba is back on ice.
19:12 of 3rd period - Wrist shot by Luke Adam.
19:12 of 3rd period - Stopped by Ben Scrivens with a rebound.
19:42 of 3rd period - Snap shot by Jacob Trouba.
19:42 of 3rd period - Stopped by Harru Sateri without a rebound.
19:43 of 3rd period - Brendan Gaunce wins face-off versus Darren Helm in Ice Dragons zone.
19:50 of 3rd period - Snap shot by Darren Helm.
19:50 of 3rd period - Goal by Darren Helm - Ice Dragons : 3 - Knights : 6.
19:51 of 3rd period - Darren Helm wins face-off versus Noel Acciari in neutral zone.
19:53 of 3rd period - Off-side.
19:54 of 3rd period - Noel Acciari wins face-off versus Darren Helm in neutral zone.
Goals for this period are 2 for Ice Dragons vs 3 for Knights.
Shots for this period are 9 for Ice Dragons vs 18 for Knights.
Back to the Top